 Dungeon Crawl Stone Soup version 0.30-a0-365-ge7f957f (webtiles) character file.

Game seed: 3333879058759798540

173 PublicAnimeNo1 the Sneak (level 5, 0/45 HPs)
             Began as a Naga Enchanter on Nov 17, 2022.
             Succumbed to an adder's poison
             ... in a sewer.
             The game lasted 00:09:16 (1862 turns).

PublicAnimeNo1 the Sneak (Naga Enchanter)           Turns: 1862, Time: 00:09:16

Health: 0/45       AC:  4    Str: 10    XL:     5   Next: 53%
Magic:  8/8        EV: 10    Int: 17    God:
Gold:   61         SH:  0    Dex: 12    Spells: 6/8 levels left

rFire   . . .      SeeInvis +    a - +1 dagger (vamp)
rCold   . . .      Faith    .    (no shield)
rNeg    . . .      Spirit   .    o - +1 robe {Will+}
rPois   +          Reflect  .    (no helmet)
rElec   .          Harm     .    p - +0 cloak {Stlth+}
rCorr   .          Rampage  .    (no gloves)
Will    +....                    (no barding)
Stlth   ++++......               (no amulet)
HPRegen 0.27/turn                (no ring)
MPRegen 0.11/turn                (no ring)

@: lethally poisoned (0 -> -8), hasted, invisible, quick
A: AC +1, large, see invisible, deformed body, poison resistance, slowness 2,
spit poison 1, naga tail 1
a: Spit Poison


You were in a sewer.
You visited 1 branch of the dungeon, and saw 3 of its levels.
You also visited: Sewer.

You collected 61 gold pieces.

Inventory:

Hand Weapons
 a - a +1 vampiric dagger (weapon)
Missiles
 k - 2 poisoned darts
Armour
 b - a +0 robe
 o - a +1 robe of willpower (worn)
 p - a +0 cloak of stealth (worn)
Scrolls
 h - a scroll of magic mapping {unknown}
 i - a scroll of poison {unknown}
 j - a scroll of fear {unknown}
 m - 2 scrolls of teleportation {unknown}
 q - 2 scrolls of fog {unknown}
 r - a scroll of summoning {unknown}
Potions
 c - 2 potions of invisibility
 f - a potion of attraction
 l - 2 potions of flight
 n - a potion of haste


   Skills:
 + Level 2.0 Fighting
 * Level 3.3 Short Blades
 - Level 1.5 Dodging
 + Level 5.9 Stealth
 - Level 2.0 Spellcasting
 + Level 3.3 Hexes
 + Level 1.1 Ice Magic


You had 6 spell levels left.
You knew the following spells:

 Your Spells              Type           Power      Damage    Failure   Level
a - Ensorcelled Hibernat  Hex/Ice        18%        N/A       12%         2

Your spell library contained the following spells:

 Spells                   Type           Power      Damage    Failure   Level
 Confusing Touch          Hex            13%        N/A       14%         3
 Tukima's Dance           Hex            13%        N/A       14%         3
 Sublimation of Blood     Necr           1%         N/A       28%         2
 Wereblood                Tmut           1%         N/A       28%         2
 Dazzling Flash           Conj/Hex       14%        N/A       28%         3
 Silence                  Hex/Air        3%         N/A       95%         5
 Agony                    Necr           1%         N/A       99%         5
 Summon Hydra             Summ           0%         N/A       100%        7


Dungeon Overview and Level Annotations

Branches:
Dungeon (3/15)              Sewer (1/1)

Altars:
Hepliaklqana

Shops:
D:1 (


Innate Abilities, Weirdness & Mutations

Your serpentine skin is tough. (AC +1)
You have supernaturally acute eyesight. (SInv)
Armour fits poorly on your strangely shaped body.
Your system is resistant to poisons. (rPois)
You cover ground very slowly.
You can spit poison.
You have a snake-like lower body.


Message History

You feel sick. The adder barely misses you. The adder bites you.
The ball python closely misses you. The adder misses you.
The ball python bites you but does no damage.
Your Fighting skill increases to level 2!
You closely miss the ball python.
You feel sick. The adder bites you.
* * * LOW HITPOINT WARNING * * *
You are more poisoned.
The adder poisons you! The adder bites you but does no damage.
The adder closely misses you. The adder barely misses you. x2
The adder bites you but does no damage.
It was a potion of haste.
You feel yourself speed up.
* * * LOW HITPOINT WARNING * * *
You feel sick. The adder closely misses you. The adder bites you.
* * * LOW HITPOINT WARNING * * *
The ball python misses you. The adder bites you.
* * * LOW HITPOINT WARNING * * *
The adder bites you.
* * * LOW HITPOINT WARNING * * *
The adder bites you but does no damage. The adder barely misses you.
As you read the scroll labelled GUPSIA UMIUZ, it crumbles to dust.
It is a scroll of brand weapon.
Your +1 dagger thirsts for the lives of mortals!
a - a +1 vampiric dagger (weapon)
* * * LOW HITPOINT WARNING * * *
You feel sick. The adder barely misses you. The adder bites you.
* * * LOW HITPOINT WARNING * * *
The adder bites you.
* * * LOW HITPOINT WARNING * * *
You are more poisoned.
The adder poisons you! The adder closely misses you.
The adder hisses angrily.
The bullfrog gives a loud, deep croak! x2
You hit the ball python.
The ball python is severely wounded.
* * * LOW HITPOINT WARNING * * *
You feel sick.
The adder hisses angrily.
The adder closely misses you. The adder bites you but does no damage.
You closely miss the ball python.
The ball python is severely wounded.
You die...

#≈≈≈~≈≈#####
#≈≈≈†≈
#≈≈≈~≈≈#
#≈≈≈~≈
#≈≈≈~≈≈#
#≈~†≈≈
#≈≈~~≈≈#
#~≈≈≈≈
#≈≈~≈≈≈#
#~~≈≈≈
#≈≈~≈≈≈#
#≈....
#≈~FSS≈#
#≈....
#≈S≈≈≈≈#
#≈....
#S@≈≈≈≈#
#≈≈≈≈~
#SSS≈≈≈#
#≈≈≈≈≈
#≈l~≈≈≈#
#≈≈≈~~
#≈≈~~≈≈#
#≈≈~≈≈
#≈≈≈~≈≈#
#≈~≈≈≈
#≈≈≈S≈≈#
#≈~≈≈≈
#≈≈~≈≈≈#
#≈~≈≈≈
##..F.##
#.....
......
#.....


You could see 2 bullfrogs, 6 adders, 2 ball pythons and a frilled lizard (unable
to see you).

Vanquished Creatures
  4 adders
  7 river rats
  An orc (D:3)
  5 bats
  6 endoplasms
  9 giant cockroaches
  3 goblins
  2 hobgoblins (D:2)
  A quokka (D:2)
  14 ball pythons
  6 frilled lizards
  2 kobolds (D:1)
  22 rats
82 creatures vanquished.

Notes
Turn   | Place    | Note
-------+----------+-------------------------------------------
     0 | D:1      | PublicAnimeNo1 the Naga Enchanter began the quest for the
                  | Orb.
     0 | D:1      | Reached XP level 1. HP: 15/15 MP: 3/3
   132 | D:1      | Reached XP level 2. HP: 24/24 MP: 5/5
   228 | D:1      | Learned a level 2 spell: Ensorcelled Hibernation
   312 | D:1      | Found Heilud's Weapon Boutique.
   713 | D:2      | Reached skill level 1 in Fighting
   713 | D:2      | Reached skill level 5 in Stealth
   713 | D:2      | Reached XP level 3. HP: 26/31 MP: 6/6
   937 | D:2      | You fall into a shaft and drop 1 floor!
  1001 | D:3      | Found a hazy altar of Hepliaklqana.
  1117 | D:3      | Reached XP level 4. HP: 19/38 MP: 7/7
  1145 | D:3      | Found a glowing drain.
  1188 | Sewer    | Entered a sewer
  1530 | Sewer    | Reached XP level 5. HP: 41/45 MP: 8/8
  1776 | Sewer    | Reached skill level 1 in Ice Magic
  1860 | Sewer    | HP: 2/45 [adder (1)]
  1862 | Sewer    | Succumbed to an adder's poison

Illustrated notes

Levels and vault maps discovered:
D:1:      lemuel_arrival_tunnels, layout_basic, serial_shops,
          nicolae_shop_bloodbath_and_beyond
D:2:      layout_rooms, minmay_octomino_j4
D:3:      layout_loops_ring, makhleb_altar_promises_db,
          mainiacjoe_overflow_tiny_flanked,
          hellmonk_ecumenical_altar_defaced_shrine, portal_sewer_entry_e,
          reono_crystal_passage
Sewer:    sewer_minmay_w

Skill      XL: |  1  2  3  4  5 |
---------------+----------------+-----
Short Blades   | 2 3 |  3.3
Fighting       | 1 2 |  2.0
Stealth        | 5 |  5.9
Ice Magic      | 1 |  1.1
Dodging        | |  1.5
Spellcasting   | |  2.0
Hexes          | |  3.3

Action                   |  1- 3 |  4- 6 || total
-------------------------+-------+-------++-------
Melee: Dagger            |    69 |   110 ||   179
       Punch             |       |     2 ||     2
 Cast: Ensorcelled Hiber |       |     3 ||     3
 Abil: Spit Poison       |    24 |    21 ||    45
  Use: Scroll            |       |     4 ||     4
       Potion            |       |     2 ||     2
 Stab: Sleeping          |     7 |     5 ||    12
       Invisible         |       |     1 ||     1
Armor: Robe              |    23 |    55 ||    78
Dodge: Dodged            |    36 |    86 ||   122

Table legend: (Time is in decaauts)
 A = Elapsed time spent in this place.
 B = Non-inter-level travel time spent in this place.
 C = Inter-level travel time spent in this place.
 D = Time resting spent in this place.
 E = Time spent auto-exploring this place.
 F = Levels seen in this place.
 G = Mean time per level.
                   A        B        C        D        E       F      G
               +--------+--------+--------+--------+--------+-----+--------+
         Total |   2343 |   2278 |     65 |    382 |   1009 |   4 |  585.8 |
       Dungeon |   1512 |   1447 |     65 |     68 |    911 |   3 |  504.0 |
         Sewer |    830 |    830 |      0 |    313 |     98 |   1 |  830.0 |
               +--------+--------+--------+--------+--------+-----+--------+

Top non-repeatable levels by time:
     D:1: 972 daAuts
   Sewer: 830 daAuts
     D:3: 274 daAuts
     D:2: 265 daAuts
